 Dungeon Crawl Stone Soup version 0.19.5 (webtiles) character file.

189 tidbits the Gusty (level 5, -5/31 HPs)
             Began as a High Elf Air Elementalist on Dec 12, 2017.
             Killed from afar by an orc wizard (7 damage)
             ... with a magic dart
             ... on level 4 of the Dungeon.
             The game lasted 00:12:04 (1202 turns).

tidbits the Gusty (High Elf Air Elementalist)       Turns: 1202, Time: 00:12:04

Health: -5/31      AC:  2    Str:  8    XL:     5   Next: 40%
Magic:  21/21      EV: 13    Int: 19    God:
Gold:   150        SH:  0    Dex: 15    Spells: 4 memorised, 4 levels left

rFire  . . .     SeeInvis .     a - +2 mace (protect)
rCold  . . .     Gourm    .     d - +0 robe
rNeg   . . .     Faith    .     (no shield)
rPois  .         Spirit   .     (no helmet)
rElec  .         Reflect  .     (no cloak)
rCorr  .         Harm     .     (no gloves)
MR     .....                    (no boots)
Stlth  ++........               (no amulet)
                                (no ring)
                                t - ring of magical power

@: no status effects
A: no striking features
a: no special abilities


You were on level 4 of the Dungeon.
You were very hungry.

You visited 1 branch of the dungeon, and saw 4 of its levels.

You collected 150 gold pieces.

Inventory:

Hand Weapons
 a - a +2 mace of protection (weapon)
   (You found it on level 1 of the Dungeon)
 h - a +0 short sword
   (You took it off a kobold on level 1 of the Dungeon)
 m - a +0 whip
   (You found it on level 1 of the Dungeon)
 n - a +0 hunting sling
   (You found it on level 2 of the Dungeon)
 w - a +0 club
   (You took it off a hobgoblin on level 1 of the Dungeon)
Missiles
 g - 14 arrows
 j - 49 stones (quivered)
Armour
 d - a +0 robe (worn)
 k - a +0 ring mail
   (You found it on level 1 of the Dungeon)
 z - a +0 pair of boots
   (You found it on level 4 of the Dungeon)
Jewellery
 t - a ring of magical power (left hand)
   (You found it on level 3 of the Dungeon)
Scrolls
 e - 3 scrolls of identify {unknown}
 i - a scroll of blinking {unknown}
 o - a scroll of remove curse {unknown}
 u - a scroll of noise {unknown}
 v - a scroll of magic mapping {unknown}
 y - a scroll of fear {unknown}
Potions
 l - a potion of ambrosia {unknown}
 p - 2 potions of heal wounds {unknown}
 r - a potion of beneficial mutation {unknown}
 x - 2 potions of invisibility {unknown}
 A - 2 potions of agility {unknown}
Books
 b - a book of Air

   Spells                             Type                      Level
   a - Shock                          Conjuration/Air              1
   b - Swiftness                      Charms/Air                   2
   c - Repel Missiles                 Charms/Air                   2
   d - Static Discharge               Conjuration/Air              3
   e - Lightning Bolt                 Conjuration/Air              5
Comestibles
 c - 2 bread rations
 f - 2 meat rations
 q - 2 fruits
 s - a beef jerky


   Skills:
 - Level 2.1 Dodging
 - Level 2.1 Stealth
 + Level 4.2 Spellcasting
 + Level 3.3 Conjurations
 + Level 5.1 Air Magic


You had 4 spell levels left.
You knew the following spells:

 Your Spells              Type           Power        Failure   Level  Hunger
a - Shock                 Conj/Air       ###.         2%          1    None
d - Static Discharge      Conj/Air       ###.....     10%         3    ###....
m - Repel Missiles        Chrm/Air       ##....       10%         2    #......
W - Swiftness             Chrm/Air       ##......     10%         2    #......


Dungeon Overview and Level Annotations

Branches:
Dungeon (4/15)
 Temple: D:4-7

Altars:
The Shining One

Annotations:
D:4 Xiguana's ghost, amateur HEGl


Message History

There is an entrance to an ossuary on this level.
Hurry and find it before the portal is buried!
There is a stone staircase leading up here.
Found a beef jerky.
Found a pair of boots.
Xiguana's ghost (amateur High Elf Gladiator) comes into view.
You see here a pair of boots.
z - a pair of boots Xiguana's ghost turns its malevolent gaze towards you.
Press: ? - help, v - describe, . - travel
Here: Xiguana's ghost The floor.
Okay, then.
Press: ? - help, v - describe, . - travel
Here: Xiguana's ghost The floor.
Casting: Shock
Confirm with . or Enter, or press ? or * to list all spells.
Aiming: Shock
Press: ? - help, Shift-Dir - straight line You miscast Shock.
You are very lightly contaminated with residual magic.
Nothing appears to happen.
Xiguana's ghost says, "You must not fail where I succeeded!"
Xiguana's ghost makes a sound of rattling chains.
You hear the brisk hiss of a very distant avalanche of sand.
There is a stone staircase leading down here.
Casting: Shock
Confirm with . or Enter, or press ? or * to list all spells.
Aiming: Shock
Press: ? - help, Shift-Dir - straight line The zap misses Xiguana's ghost. x2; Xiguana's ghost hits you!
* * * LOW HITPOINT WARNING * * *
Your magical contamination has completely faded away.
Xiguana's ghost hits you.
* * * LOW HITPOINT WARNING * * *
There is a stone staircase leading down here.
There is a stone staircase leading up here.
Xiguana's ghost barely misses you.
You climb upwards.
There is a stone staircase leading down here.
You see here a whip.
Found a stone staircase leading up.
There is a stone staircase leading up here.
You climb upwards.
There is a stone staircase leading down here.
You climb downwards.
There is a stone staircase leading up here.
Found a scroll labeled BEYWOEKKEGH.
You see here a scroll labeled BEYWOEKKEGH.
e - 3 scrolls labeled BEYWOEKKEGH (gained 1)
Found a stone staircase leading up.
Found a faded altar of an unknown god.
There is a stone staircase leading up here.
You climb upwards.
Found 8 gold pieces.
There is a stone staircase leading down here.
You see here 8 gold pieces.
You now have 150 gold pieces (gained 8).
There is a stone staircase leading down here.
You climb downwards.
There is a stone staircase leading up here.
You are feeling very hungry.
Found 2 fuming dark potions.
You see here 2 fuming dark potions.
A - 2 fuming dark potions
There is a stone staircase leading down here.
You climb downwards.
You hear the hiss of flowing sand.
There is an entrance to an ossuary on this level.
Hurry and find it before the portal is buried!
You hear the quick hiss of a very distant avalanche of sand.
Level annotation: Xiguana's ghost, amateur HEGl
There is a stone staircase leading up here.
There is an open door here.
Xiguana's ghost keens inconsolably.
An orc comes into view. It is wielding a short sword.
The orc shouts!
Found an escape hatch in the floor.
The orc throws a stone.
The stone is repelled.
You feel less protected from missiles.
An orc wizard comes into view. It is wielding a dagger.
An orc and an orc wizard come into view.
The orc wizard shouts! x2
The orc throws a stone.
The stone misses you.
The orc throws a stone.
The stone closely misses you.
The orc wizard gestures at you while chanting.
The puff of flame hits you!
The orc throws a stone.
The stone misses you.
The orc wizard points at you and mumbles some strange words.
The magic dart hits you!
* * * LOW HITPOINT WARNING * * *
The orc throws a stone.
The stone barely misses you.
The orc shouts!
The orc wizard casts a spell.
The orc wizard seems to speed up.
Found a diamond ring.
The orc wizard points at you and mumbles some strange words.
The puff of flame hits you!
* * * LOW HITPOINT WARNING * * *
The orc wizard points at you and mumbles some strange words.
The magic dart hits you!
You die...

...# ..........# ...#
..........# # ...###
.....=....# #.# #....#
..........####.###..#.#
...................%#.#
......................#
......................#
.......@.........##..##
#######..........##...#
####.....(..(.##.#.#
...............##.#.##
...............##.#..#
#....ooo...W....##.##.#
#....>......(#####.##.#
#......o.....# #.##.#
#............#####+##.#


You could see 2 orc wizards, Xiguana's ghost and 2 orcs.

Vanquished Creatures
  A scorpion (D:3)
  A worker ant (D:4)
  3 gnolls (D:2)
  2 adders
  A worm (D:3)
  A dart slug (D:2)
  7 leopard geckos
  An orc (D:3)
  A ball python (D:1)
  7 bats
  6 giant cockroaches
  9 goblins
  5 hobgoblins
  A jackal (D:1)
  5 kobolds
  2 quokkas (D:2)
  A frilled lizard (D:2)
  3 rats
57 creatures vanquished.

Notes
Turn   | Place    | Note
-------+----------+-------------------------------------------
     0 | D:1      | tidbits the High Elf Air Elementalist began the quest for the Orb.
     0 | D:1      | Reached XP level 1. HP: 11/11 MP: 4/4
   137 | D:2      | Reached XP level 2. HP: 17/17 MP: 3/6
   141 | D:2      | Learned a level 2 spell: Repel Missiles
   144 | D:2      | Learned a level 2 spell: Swiftness
   249 | D:1      | Reached skill level 4 in Air Magic
   320 | D:1      | Reached skill level 2 in Conjurations
   321 | D:1      | Reached skill level 3 in Spellcasting
   377 | D:1      | Reached XP level 3. HP: 17/21 MP: 4/8
   382 | D:1      | Learned a level 3 spell: Static Discharge
   525 | D:2      | Reached XP level 4. HP: 15/27 MP: 3/10
   838 | D:3      | Reached skill level 4 in Spellcasting
   838 | D:3      | Reached skill level 3 in Conjurations
   838 | D:3      | Reached skill level 5 in Air Magic
   838 | D:3      | Reached XP level 5. HP: 31/31 MP: 5/12
   881 | D:3      | Found a glowing golden altar of the Shining One.
  1013 | D:4      | Noticed Xiguana's ghost (amateur HEGl)
  1094 | D:3      | Found a faded altar of an unknown god.
  1201 | D:4      | HP: 2/31 [orc wizard/puff of flame (12)]
  1202 | D:4      | Killed from afar by an orc wizard

Skill      XL: |  1  2  3  4 |
---------------+-------------+-----
Air Magic      | 4 5 |  5.1
Conjurations   | 2 3 |  3.3
Spellcasting   | 3 4 |  4.2
Dodging        | |  2.1
Stealth        | |  2.1

Action                   |  1- 3 |  4- 6 || total
-------------------------+-------+-------++-------
Melee: Whip              |    11 |       ||    11
       Mace              |    16 |    26 ||    42
 Cast: Shock             |    36 |    29 ||    65
       Repel Missiles    |     1 |       ||     1
 Stab: Sleeping          |     4 |     2 ||     6
Armor: Robe              |     3 |    14 ||    17
Dodge: Dodged            |    24 |    41 ||    65
       Deflected         |       |     1 ||     1

Table legend:
 A = Turns spent in this place as a percentage of turns spent in the entire game.
 B = Non-inter-level travel turns spent in this place as a percentage of non-inter-level travel turns spent in the entire game.
 C = Inter-level travel turns spent in this place as a percentage of turns spent in this place.
 D = Turns resting spent in this place as a percentage of non-inter-level travel turns spent in this place.
 E = Turns spent auto-exploring this place as a percentage of non-inter-level travel turns spent in this place.
 F = Non-inter-level travel turns spent in this place divided by the number of levels of this place that you've seen.
                   A       B       C       D       E      F
               +-------+-------+-------+-------+-------+----------------------
         Total | 100.0 | 100.0 |   0.1 |   0.0 |   0.0 | 281.8
       Dungeon | 100.0 | 100.0 |   0.1 |   0.0 |   0.0 | 281.8
               +-------+-------+-------+-------+-------+----------------------

Table legend:
 A = Kills in this place as a percentage of kills in entire the game.
 B = Kills by you in this place as a percentage of kills by you in the entire game.
 C = Kills by friends in this place as a percentage of kills by friends in the entire game.
 D = Other kills in this place as a percentage of other kills in the entire game.
 E = Experience gained in this place as a percentage of experience gained in the entire game.
 F = Experience gained in this place divided by the number of levels of this place that you have seen.
                   A       B       C       D       E      F
               +-------+-------+-------+-------+-------+----------------------
         Total | 100.0 | 100.0 |  -nan |  -nan | 100.0 |  67.5
       Dungeon | 100.0 | 100.0 |  -nan |  -nan | 100.0 |  67.5
               +-------+-------+-------+-------+-------+----------------------

Vault maps used:
D:1:      lightli_arrival_maybe_door_vault
D:2:      kennysheep_boxes
D:3:      nicolae_tso_carved_into_rock, first_bread, ecumenical_altar_1,
          item_on_display_a
D:4:      nicolae_ru_path_of_blood, enter_ossuary_2
